 Dungeon Crawl Stone Soup version 0.21.1-1-g345015fe64 (webtiles) character file.

29971 PikkenKukken the Basher (level 13, -11/88 HPs)
             Began as a Gargoyle Fighter on June 7, 2018.
             Was a High Priest of the Shining One.
             Mangled by Snorg (14 damage)
             ... on level 4 of the Lair of Beasts.
             The game lasted 00:52:01 (15321 turns).

PikkenKukken the Basher (Gargoyle Fighter)         Turns: 15321, Time: 00:52:02

Health: -11/88     AC: 29    Str: 24    XL:     13   Next: 48%
Magic:  20/20      EV:  8    Int: 13    God:    the Shining One [*****.]
Gold:   721        SH:  0    Dex: 11    Spells: 19/21 levels left

rFire    + . .     SeeInvis .   a - +2 dire flail
rCold    . . .     Gourm    +   (shield currently unavailable)
rNeg     + + +     Faith    .   w - +0 plate armour
rPois    ∞         Spirit   .   g - +1 helmet
rElec    +         Reflect  .   (no cloak)
rCorr    +         Harm     .   Q - +2 pair of gloves of Immorality {rCorr Int+5}
MR       .....                  (no boots)
Stlth    ..........             M - amulet of the gourmand
HPRegen  0.24/turn              A - ring of protection from fire
MPRegen  0.17/turn              z - ring of loudness (curse)

@: glowing
A: negative energy resistance 1, robust 1, electricity resistance, unbreathing,
petrification resistance, rot immunity, AC +9
a: Divine Shield, Cleansing Flame, Summon Divine Warrior, Renounce Religion


You were on level 4 of the Lair of Beasts.
You worshipped the Shining One.
The Shining One was extremely pleased with you.
You were very full.

You visited 2 branches of the dungeon, and saw 16 of its levels.
You also visited: Sewer.

You collected 872 gold pieces.
You spent 151 gold pieces at shops.

Inventory:

Hand Weapons
 a - a +2 dire flail (weapon)
 b - a +0 longbow
 H - a +1 morningstar
Missiles
 e - 202 arrows
 t - 101 bolts
Armour
 g - a +1 helmet (worn)
 w - a +0 plate armour (worn)
 Q - the +2 pair of gloves of Immorality (worn) {rCorr Int+5}
   (You found it on level 11 of the Dungeon)

   It affects your intelligence (+5).
   It protects you from acid and corrosion.
Jewellery
 k - an uncursed amulet of magic regeneration
 l - an uncursed amulet of regeneration
 z - a cursed ring of loudness (right hand)
 A - a ring of protection from fire (left hand)
 M - an amulet of the gourmand (around neck)
Wands
 i - a wand of digging (53)
 m - a wand of scattershot (7)
 p - a wand of enslavement (32)
 I - a wand of acid (11)
 K - a wand of flame (80)
Scrolls
 c - a scroll of fog
 j - 3 scrolls of magic mapping
 o - 10 scrolls of teleportation
 q - 2 scrolls of fear
 s - 4 scrolls of blinking
 u - 6 scrolls of enchant armour
 v - 3 scrolls of remove curse
 B - 8 scrolls of identify
 P - 3 scrolls of amnesia
Potions
 d - 3 potions of flight
 h - 9 potions of haste
 n - 3 potions of brilliance
 C - 2 potions of invisibility {unknown}
 E - 2 potions of curing
 G - a potion of heal wounds
 N - 2 potions of ambrosia
 O - a potion of resistance {unknown}
 R - a potion of magic
 T - a potion of might
Books
 F - a book of Conjurations

   Spells                             Type                      Level
   a - Magic Dart                     Conjuration                  1
   b - Searing Ray                    Conjuration                  2
   c - Dazzling Spray                 Conjuration/Hexes            3
   d - Fulminant Prism                Conjuration/Hexes            4
   e - Force Lance                    Conjuration/Translocation    4
   f - Iskenderun's Mystic Blast      Conjuration                  4
 J - a book of Misfortune

   Spells                             Type                      Level
   a - Confusing Touch                Hexes                        1
   b - Confuse                        Hexes                        3
   c - Gell's Gravitas                Translocation                3
   d - Petrify                        Transmutation/Earth          4
   e - Metabolic Englaciation         Hexes/Ice                    5
   f - Yara's Violent Unravelling     Hexes/Transmutation          5
 L - a book of Spatial Translocations

   Spells                             Type                      Level
   a - Blink                          Translocation                2
   b - Shroud of Golubria             Charms/Translocation         2
   c - Lesser Beckoning               Translocation                3
   d - Gell's Gravitas                Translocation                3
   e - Teleport Other                 Translocation                3
   f - Passage of Golubria            Translocation                4
Comestibles
 f - 35 rations


   Skills:
 + Level 9.4 Fighting
 + Level 13.0 Maces & Flails
 * Level 6.6 Bows
 + Level 9.2 Armour
 + Level 2.9 Dodging
   Level 3.2 Shields
 * Level 4.9 Spellcasting
 * Level 5.0 Translocations
 - Level 7.5 Invocations
 - Level 6.4 Evocations


You had 19 spell levels left.
You knew the following spells:

 Your Spells              Type           Power        Failure   Level  Hunger
a - Blink                 Tloc           N/A          38%         2    ##.....


Dungeon Overview and Level Annotations

Branches:
Dungeon (12/15)            Temple (0/1) D:4            Lair (4/6) D:11
  Swamp (0/4) Lair:3          Orc (0/2) D:11
  Snake: Lair:2-4    Spider: Lair:2-4

Altars:
Dithmenos
Elyvilon
Hepliaklqana
Okawaru
Xom
Yredelemnul
Zin
The Shining One

Shops:
D:2 *   D:5 *%?[}   D:7 (*(

Annotations:
Lair:4 Snorg


Innate Abilities, Weirdness & Mutations

You are resistant to torment.
Your stone body is resilient. (AC +9)
You are immune to poison.
You resist negative energy. (rN+)
You are resistant to electric shocks. (rElec)
You can survive without breathing.
You are immune to petrification.
You are immune to rotting.
You are robust. (+10% HP)


Message History

You are too injured to fight recklessly!
You are too injured to fight recklessly!
Things that are here:
an arrow; a wyvern corpse Snorg rages.
Snorg bites you but does no damage. Snorg claws you but does no damage.
Snorg claws you!
There is a stone staircase leading up, spattered with blood here.
Things that are here:
an arrow; a bullfrog corpse Snorg bites you!
* * * LOW HITPOINT WARNING * * *
Snorg claws you!
* * * LOW HITPOINT WARNING * * *
Snorg claws you.
* * * LOW HITPOINT WARNING * * *
Snorg bites you.
* * * LOW HITPOINT WARNING * * *
Snorg claws you but does no damage. Snorg claws you!
You die...

### #P# ..# ##### ..#
##.#.##### . ..####
#...(....# #..
..#..#####.......# #P.P.
.................#(.(...
......##P....<(T@..(#
......###.........###
..##...##P.......##
...##...###'##(.##
..###...s.#....## .##
##..^.##.P(.# .#
..s^§##....# +#
#.....#....# ....#


You could see Snorg (berserk).

Vanquished Creatures
  Gastronok (Lair:2)
  Fannar (Lair:1)
  2 hydras
  A centaur warrior (D:10)
  5 two-headed ogres
  Sonja (Lair:3)
  The ghost of Tali the Cleaver, a novice MiFi of Trog (D:8)
  A lindwurm (Lair:4)
  5 elephants (Lair:3)
  2 black mambas (Lair:2)
  5 spiny frogs
  A komodo dragon (Lair:2)
  A merfolk (D:9)
  2 trolls
  2 polar bears
  2 tyrant leeches (Lair:3)
  4 hippogriffs
  A redback (Lair:4)
  3 blink frogs (Lair:1)
  Sigmund (D:3)
  3 wyverns
  27 yaks
  2 basilisks (Lair:3)
  A steam dragon (D:9)
  A hungry ghost (D:10)
  Menkaure (D:4)
  4 wargs (D:11)
  9 water moccasins
  3 porcupines
  An orc warrior (D:6)
  A sky beast (D:7)
  A necrophage (D:9)
  An ice beast (D:9)
  A phantom (D:9)
  5 wolves
  7 ogres
  2 centaurs
  9 crocodiles
  3 big kobolds
  Blork the orc (D:6)
  12 bullfrogs
  4 scorpions
  11 killer bees
  7 wights
  5 electric eels (D:11)
  5 howler monkeys
  4 crimson imps
  4 bullfrog zombies
  3 quasits
  9 hounds
  5 jellies
  5 orc priests
  5 orc wizards
  Crazy Yiuf (D:6)
  3 bullfrog skeletons
  2 centaur skeletons
  3 iguanas
  Natasha (D:3)
  7 worker ants
  11 hell rats (Lair:2)
  A hound skeleton (D:6)
  A worker ant zombie (D:11)
  8 gnolls (D:5)
  7 adders
  17 river rats
  3 shadow imps
  12 white imps (Lair:1)
  3 oozes (Sewer)
  6 worms
  A dart slug (D:3)
  3 leopard geckos
  28 orcs
  4 ball pythons
  9 bats
  7 giant cockroaches
  13 goblins
  9 hobgoblins
  10 jackals
  13 quokkas
  2 frilled lizards
  14 kobolds
  A quokka zombie (D:5)
  30 rats
434 creatures vanquished.

Vanquished Creatures (others)
  10 fungi
  4 plants (Lair:4)
14 creatures vanquished.

Grand Total: 448 creatures vanquished

Notes
Turn   | Place    | Note
-------+----------+-------------------------------------------
     0 | D:1      | PikkenKukken the Gargoyle Fighter began the quest for the Orb.
     0 | D:1      | Reached XP level 1. HP: 14/14 MP: 1/1
   168 | D:1      | Reached XP level 2. HP: 16/19 MP: 2/2
   415 | D:1      | Reached XP level 3. HP: 23/23 MP: 4/4
   836 | D:1      | Reached skill level 1 in Spellcasting
  1229 | D:2      | Reached skill level 3 in Maces & Flails
  1229 | D:2      | Reached XP level 4. HP: 27/28 MP: 5/5
  1530 | D:2      | Found Zin's Purification Station.
  1567 | D:2      | Found a glowing silver altar of Zin.
  1731 | D:2      | Reached skill level 1 in Dodging
  1876 | D:2      | Reached XP level 5. HP: 33/33 MP: 7/7
  2097 | D:3      | Noticed Sigmund
  2104 | D:3      | Killed Sigmund
  2104 | D:3      | Reached skill level 4 in Maces & Flails
  2104 | D:3      | Reached XP level 6. HP: 38/38 MP: 7/9
  2574 | D:3      | Found a glowing golden altar of the Shining One.
  2574 | D:3      | Found a basalt altar of Yredelemnul.
  2583 | D:3      | Found a faded altar of an unknown god.
  2586 | D:3      | Became a worshipper of the Shining One
  2589 | D:3      | Found a faded altar of an unknown god.
  2591 | D:3      | Found an iron altar of Okawaru.
  2625 | D:3      | Noticed Natasha
  2629 | D:3      | Killed Natasha
  2630 | D:3      | Found a hazy altar of Hepliaklqana.
  2759 | D:4      | Found a staircase to the Ecumenical Temple.
  2759 | D:4      | Noticed Menkaure
  2768 | D:4      | Killed Menkaure
  2768 | D:4      | Reached skill level 5 in Maces & Flails
  2768 | D:4      | Reached skill level 1 in Invocations
  2768 | D:4      | Reached skill level 1 in Evocations
  2768 | D:4      | Reached XP level 7. HP: 25/43 MP: 10/10
  3169 | D:5      | Entered Level 5 of the Dungeon
  3169 | D:5      | Found a shadowy altar of Dithmenos.
  3185 | D:5      | Found a glowing drain.
  3223 | Sewer    | Entered a sewer
  3522 | Sewer    | Reached * piety under the Shining One
  3531 | Sewer    | Reached XP level 8. HP: 48/48 MP: 11/11
  3661 | D:5      | Found a white marble altar of Elyvilon.
  3760 | D:5      | Reached skill level 6 in Maces & Flails
  3812 | D:5      | Found Tigoaggu's Assorted Antiques.
  3816 | D:5      | Bought a glowing sapphire ring for 105 gold pieces
  3816 | D:5      | Bought a bubbling orange potion for 18 gold pieces
  3818 | D:5      | Gained mutation: You are agile. (Dex +2) [potion of mutation]
  3818 | D:5      | Gained mutation: You have large cloven feet. [potion of mutation]
  3893 | D:5      | Found Gapokuv's Armour Shop.
  3904 | D:5      | Found Agitz's Gadget Boutique.
  4019 | D:5      | Found Jacautye's Magic Scroll Boutique.
  4027 | D:5      | Bought a scroll of identify for 28 gold pieces
  4047 | D:5      | Found Jekkuogg's Food Shop.
  4317 | D:6      | Lost mutation: You are agile. (Dex +2) [potion of mutation]
  4317 | D:6      | Lost mutation: You have large cloven feet. [potion of mutation]
  4317 | D:6      | Gained mutation: You are robust. (+10% HP) [potion of mutation]
  4317 | D:6      | Gained mutation: You evolve. [potion of mutation]
  4477 | D:6      | Reached skill level 5 in Armour
  4559 | D:6      | Reached skill level 5 in Fighting
  4762 | D:6      | Reached skill level 7 in Maces & Flails
  4819 | D:6      | Noticed Blork the orc
  4821 | D:6      | Reached XP level 9. HP: 57/59 MP: 12/12
  4865 | D:6      | Killed Blork the orc
  5026 | D:6      | Reached ** piety under the Shining One
  5105 | D:6      | Lost mutation: You evolve. [evolution]
  5185 | D:6      | Found a runed door.
  5189 | D:6      | Noticed Crazy Yiuf
  5191 | D:6      | Killed Crazy Yiuf
  5302 | D:7      | Found Xotouf's Assorted Antiques.
  5374 | D:7      | Found Ynaimab's Weapon Shoppe.
  5490 | D:7      | Reached skill level 8 in Maces & Flails
  6022 | D:7      | Reached skill level 5 in Invocations
  6036 | D:7      | Reached skill level 9 in Maces & Flails
  6041 | D:7      | Found Exkeufun's Antique Weapon Boutique.
  6168 | D:8      | Reached XP level 10. HP: 66/66 MP: 13/13
  6200 | D:8      | Noticed a two-headed ogre
  6214 | D:8      | Killed a two-headed ogre
  6574 | D:8      | Noticed Tali's ghost (novice MiFi)
  6574 | D:8      | Reached *** piety under the Shining One
  6608 | D:8      | Killed Tali's ghost
  7208 | D:9      | Reached skill level 10 in Maces & Flails
  7281 | D:9      | Noticed a two-headed ogre
  7294 | D:9      | Killed a two-headed ogre
  7294 | D:9      | Reached skill level 5 in Evocations
  7707 | D:9      | Noticed a two-headed ogre
  7717 | D:9      | Killed a two-headed ogre
  7717 | D:9      | Reached XP level 11. HP: 64/73 MP: 12/16
  8189 | D:10     | Entered Level 10 of the Dungeon
  8277 | D:10     | Noticed a centaur warrior
  8283 | D:10     | Noticed a two-headed ogre
  8299 | D:9      | Killed a two-headed ogre
  8299 | D:9      | Reached skill level 11 in Maces & Flails
  8442 | D:10     | Killed a centaur warrior
  8868 | D:11     | Noticed a two-headed ogre
  8886 | D:11     | Killed a two-headed ogre
  8886 | D:11     | Reached skill level 1 in Bows
  9168 | D:11     | Found a staircase to the Lair.
  9236 | D:11     | Learned a level 2 spell: Blink
  9351 | D:11     | Reached **** piety under the Shining One
  9680 | D:11     | Reached skill level 1 in Translocations
  9685 | D:11     | Found a staircase to the Orcish Mines.
  9768 | D:11     | Found a shimmering altar of Xom.
  9770 | D:11     | Found a shimmering altar of Xom.
  9771 | D:11     | Found a shimmering altar of Xom.
  9771 | D:11     | Found a shimmering altar of Xom.
  9772 | D:11     | Found a shimmering altar of Xom.
  9772 | D:11     | Found a shimmering altar of Xom.
  9772 | D:11     | Found a shimmering altar of Xom.
  9772 | D:11     | Found a shimmering altar of Xom.
  9805 | D:11     | Got a pair of translucent gloves
  9807 | D:11     | Identified the +2 pair of gloves of Immorality {rCorr Int+5} (You found it on level 11 of the Dungeon)
 10402 | Lair:1   | Entered Level 1 of the Lair of Beasts
 10562 | Lair:1   | Reached XP level 12. HP: 78/80 MP: 17/17
 10730 | Lair:1   | Reached ***** piety under the Shining One
 10732 | Lair:1   | Found a frozen archway.
 11417 | Lair:2   | Noticed Gastronok
 11677 | Lair:2   | Killed Gastronok
 11677 | Lair:2   | Reached skill level 12 in Maces & Flails
 11904 | Lair:2   | Noticed Fannar
 12268 | Lair:2   | Noticed a seven-headed hydra
 12301 | Lair:1   | Killed Fannar
 12419 | Lair:2   | Killed a seven-headed hydra
 13460 | Lair:2   | Reached skill level 5 in Bows
 13958 | Lair:3   | Noticed a five-headed hydra
 13968 | Lair:3   | Killed a five-headed hydra
 13968 | Lair:3   | Reached XP level 13. HP: 78/88 MP: 19/19
 14425 | Lair:3   | Noticed Sonja
 14441 | Lair:3   | Killed Sonja
 14558 | Lair:3   | Found a staircase to the Swamp.
 14999 | Lair:4   | Reached skill level 13 in Maces & Flails
 14999 | Lair:4   | Reached skill level 5 in Translocations
 15142 | Lair:4   | Noticed Snorg
 15321 | Lair:4   | HP: 3/88 [Snorg (6)]
 15321 | Lair:4   | Mangled by Snorg

Skill      XL: |  1  2  3  4  5  6  7  8  9 10 11 12 13 |
---------------+----------------------------------------+-----
Spellcasting   | 1 2 3 4 |  4.9
Maces & Flails | 3 4 5 7 9 10 11 12 13 | 13.0
Dodging        | 1 2 |  2.9
Armour         | 4 5 6 7 9 |  9.2
Fighting       | 4 5 7 8 9 |  9.4
Invocations    | 1 2 3 5 6 7 |  7.5
Evocations     | 1 3 4 5 6 |  6.4
Bows           | 2 5 6 |  6.6
Translocations | 1 4 5 |  5.0
Shields        | |  3.2

Action                   |  1- 3 |  4- 6 |  7- 9 | 10-12 | 13-15 || total
-------------------------+-------+-------+-------+-------+-------++-------
Melee: Flail             |   168 |    47 |       |       |       ||   215
       Morningstar       |       |   103 |   352 |   140 |       ||   595
       Kick              |       |       |     6 |       |       ||     6
       Dire flail        |       |       |       |   656 |   178 ||   834
 Fire: Longbow           |       |       |       |    87 |    53 ||   140
Invok: Divine Shield     |       |       |       |     2 |       ||     2
  Use: Scroll            |     1 |     5 |    12 |     6 |     1 ||    25
       Potion            |       |     5 |     7 |     2 |       ||    14
  Eat: Chunk             |     1 |     6 |    11 |    30 |     4 ||    52
       Ration            |       |       |       |     2 |       ||     2
Armor: Scale mail        |   159 |    77 |    84 |       |       ||   320
       Plate armour      |       |       |   175 |   731 |   139 ||  1045
Dodge: Dodged            |   125 |   112 |   191 |   332 |    67 ||   827
Block: Other             |       |       |       |    26 |       ||    26
